AoeStats
← 啊超

Highland

504041122Analyzed
4v4 RM · 29d ago on Sep 3, 2026· 39m 37s· 8 players
Game mode
Random Map
Map size
Large (8 player)
Population
200
Speed
Normal
Resources
Standard
Victory
Conquest
Starting age
Dark Age
Ending age
Imperial Age
RankedLock teamsTeams togetherTeam positionsShared explorationLock speedFull tech treeHidden civsTurbo modeCheats
Victory
Defeat
🇪🇸 Magyars · Spain
1188
+16
🇦🇷 Persians · Argentina
1146
+17
🇨🇷 Wu · Costa Rica
1136
+18
🇪🇸 Poles · Spain
1107
+19
1204
-18
🇨🇿 Goths · Czechia
1188
-18
🇨🇳 Britons · China
1162
-17
🇵🇪 Poles · Peru
1159
-17
Smooky
8:23 Loom
10:16 Feudal Age
10:43 Double-Bit Axe
18:31 Castle Age
16:30 Horse Collar
16:49 Stone Mining
16:58 Horse Collar
18:59 Wheelbarrow
21:21 Heavy Plow
21:35 Bow Saw
22:47 Heavy Plow
22:41 Gold Mining
26:39 Hand Cart
32:27 Imperial Age
30:14 Anarchy
29:49 Pikeman
30:34 Squires
33:09 Scale Mail Armor
33:20 Forging
35:14 Conscription
LORD PETER
0:35 Loom
13:37 Feudal Age
15:33 Horse Collar
15:40 Double-Bit Axe
21:59 Castle Age
21:39 Forging
22:38 Scale Barding Armor
22:50 Bloodlines
23:38 Light Cavalry
27:18 Iron Casting
27:04 Chain Barding Armor
26:45 Scale Mail Armor
26:49 Husbandry
啊超
11:44 Feudal Age
15:58 Castle Age
14:37 Double-Bit Axe
15:18 Horse Collar
28:58 Imperial Age
27:20 Loom
27:27 Gold Mining
27:30 Stone Mining
27:56 Bow Saw
29:04 Fletching
29:15 Padded Archer Armor
28:53 Pikeman
29:19 Arson
29:36 Squires
30:35 Wheelbarrow
30:06 Gambesons
30:53 Yeomen
32:02 Chemistry
31:23 Ballistics
30:36 Halberdier
31:48 Conscription
31:58 Bodkin Arrow
33:47 Bracer
34:03 Leather Archer Armor
33:59 Forging
33:50 Scale Mail Armor
33:42 Crossbowman
35:59 Arbalester
El Monje Cleptómano de Cieza
8:39 Loom
12:17 Feudal Age
13:14 Double-Bit Axe
18:17 Castle Age
17:01 Fishing Lines
18:24 Forging
18:15 Scale Mail Armor
19:19 Medium Warships
21:24 Gold Mining
21:59 Gillnets
23:26 Iron Casting
27:42 Careening
28:28 Chain Mail Armor
29:42 Wheelbarrow
30:03 Fletching
31:40 Hand Cart
35:43 Imperial Age
34:06 Ballistics
33:47 Bodkin Arrow
34:33 Bow Saw
37:28 Chemistry
36:34 Siege Engineers
35:56 Heavy Scorpion
38:17 Plate Mail Armor
38:48 Blast Furnace
37:46 Pikeman
38:12 Gambesons
38:41 Halberdier
esoneplus
8:38 Loom
10:42 Feudal Age
12:27 Loom
16:03 Castle Age
14:10 Horse Collar
14:20 Double-Bit Axe
15:47 Horse Collar
17:37 Bow Saw
21:40 Heavy Plow
22:39 Gold Mining
24:53 Wheelbarrow
24:06 Town Watch
30:56 Imperial Age
29:38 Forging
29:34 Scale Barding Armor
29:20 Fletching
29:31 Padded Archer Armor
30:01 Hand Cart
29:47 Town Patrol
30:59 Iron Casting
30:34 Caravan
31:37 Szlachta Privileges
31:49 Bloodlines
31:40 Husbandry
31:00 Light Cavalry
31:38 Cavalier
33:38 Conscription
35:40 Winged Hussar
38:06 Lechitic Legacy
38:06 Onager
38:24 Elite Obuch
seantairs
9:25 Loom
12:32 Feudal Age
21:23 Castle Age
20:52 Double-Bit Axe
22:18 Medium Warships
22:45 Horse Collar
26:57 Fletching
28:57 Bodkin Arrow
32:19 Wheelbarrow
35:41 Imperial Age
32:41 Elite Skirmisher
35:16 Hand Cart
Mr. Jones
7:27 Loom
9:59 Feudal Age
17:34 Castle Age
15:35 Double-Bit Axe
17:31 Horse Collar
18:37 Heavy Plow
18:48 Bow Saw
19:35 Fletching
22:11 Bodkin Arrow
22:39 Husbandry
24:38 Wheelbarrow
25:39 Ballistics
27:59 Thumb Ring
29:32 Hand Cart
35:17 Imperial Age
36:00 Bracer
37:02 Chemistry
36:48 Town Watch
37:16 Bloodlines
36:27 Light Cavalry
37:26 Corvinian Army
37:58 Conscription
37:25 Heavy Cavalry Archer
39:14 Padded Archer Armor
39:24 Scale Barding Armor
40:14 Recurve Bow
39:35 Elite Magyar Huszar
hualiya44
0:29 Loom
10:40 Feudal Age
11:17 Town Watch
14:32 Castle Age
12:55 Double-Bit Axe
14:49 Horse Collar
21:52 Wheelbarrow
22:23 Gold Mining
24:05 Forging
24:01 Scale Barding Armor
27:17 Chain Barding Armor
29:47 Iron Casting
30:09 Hand Cart
33:44 Imperial Age
33:36 Elite War Elephant
34:38 Conscription
35:16 Devotion
37:05 Blast Furnace
36:40 Plate Barding Armor
36:28 Faith
37:43 Bow Saw
37:39 Heavy Plow
38:16 Gold Shaft Mining
Connection lost

Rejoining the realm…

Still unreachable

The connection could not be restored.

Session expired

The server has moved on; the page needs a fresh start.